 Dungeon Crawl Stone Soup version 0.29.0-13-gc9e81de378 (webtiles) character file.

Game seed: 5725434692598715824

54894 LabCoat the Severer (level 14, -46/190 HPs)
             Began as a Hill Orc Fighter on Sept 9, 2022.
             Was a High Priest of Trog.
             Killed from afar by a Hell Sentinel (55 damage)
             ... with an iron shot
             ... while paralysed by you
             ... on level 2 of the Abyss.
             The game lasted 01:23:13 (19019 turns).

LabCoat the Severer (Hill Orc Fighter)             Turns: 19019, Time: 01:23:14

Health: -46/190    AC: 29    Str: 24    XL:     14   Next: 74%
Magic:  14/14      EV:  2    Int:  5    God:    Trog [*****.]
Gold:   1930       SH:  0    Dex: 16    Spells: 13/13 levels left

rFire   . . .      SeeInvis +   T - +4 broad axe (elec)
rCold   . . .      Faith    .   o - +1 kite shield
rNeg    . . .      Spirit   .   S - +2 plate armour
rPois   .          Reflect  +   B - +2 helmet
rElec   .          Harm     .   p - +1 cloak
rCorr   +          Rampage  .   M - +2 pair of gloves
Will    ++...                   A - +1 pair of boots "Taehilar" {Will+ Regen+ Int-3 SInv}
Stlth   ..........              l - amulet of reflection
HPRegen 1.21/turn               t - ring of resist corrosion
MPRegen 0.14/turn               y - +6 ring of dexterity

@: paralysed, mighty, agile, berserking, lethally poisoned (-46 -> -46), hasted
A: no striking features
a: Renounce Religion, Berserk, Trog's Hand, Brothers in Arms


You were on level 2 of the Abyss.
You worshipped Trog.
Trog was extremely pleased with you.
You visited 3 branches of the dungeon, and saw 17 of its levels.
You visited the Abyss 1 time.

You collected 2168 gold pieces.
You spent 238 gold pieces at shops.

Inventory:

Hand Weapons
 j - a +9 battleaxe of flaming
 z - the +4 war axe of True Grit {vorpal, Int+4}
   (You bought it in a shop on level 6 of the Dungeon)

   It inflicts extra damage upon your enemies.
   Int:       It affects your intelligence (+4).
 F - a +2 flail of protection
 L - a +0 morningstar
 T - a +4 broad axe of electrocution (weapon)
Missiles
 k - 6 boomerangs
 n - 3 curare-tipped darts
 r - 2 boomerangs of dispersal
 E - 24 poisoned darts (quivered)
 O - a javelin
Armour
 a - +0 steam dragon scales
 o - a +1 kite shield (worn)
 p - a +1 cloak (worn)
 u - a +2 buckler of poison resistance
 A - the +1 pair of boots "Taehilar" (worn) {Will+ Regen+ Int-3 SInv}
   (You found it on level 5 of the Lair of Beasts)

   Int:       It affects your intelligence (-3).
   SInv:      It lets you see invisible.
   Regen:     It increases your rate of health regeneration.
   Will:      It increases your willpower.
 B - a +2 helmet (worn)
 M - a +2 pair of gloves (worn)
 S - a +2 plate armour (worn)
Jewellery
 l - an amulet of reflection (around neck)
 t - a ring of resist corrosion (left hand)
 y - a +6 ring of dexterity (right hand)
 J - an amulet of guardian spirit
 N - a +6 ring of dexterity
 Z - a +6 ring of dexterity
Wands
 c - a wand of roots (3)
 e - a wand of quicksilver (4)
 x - a wand of polymorph (1)
 Y - a wand of digging (5)
Scrolls
 f - 7 scrolls of teleportation
 i - 2 scrolls of enchant armour
 K - a scroll of summoning {unknown}
 P - a scroll of silence {unknown}
 Q - a scroll of torment {unknown}
 U - 2 scrolls of butterflies
Potions
 b - 2 potions of invisibility
 d - 2 potions of might
 h - 2 potions of flight
 q - 4 potions of lignification
 v - a potion of curing
 C - 2 potions of brilliance
 D - 2 potions of ambrosia
 G - 5 potions of magic
 H - 3 potions of resistance
 W - a potion of berserk rage


   Skills:
 + Level 12.9 Fighting
 * Level 19.1 Axes
 + Level 5.9 Throwing
 + Level 12.1 Armour
 + Level 12.0 Shields
 - Level 8.0 Evocations


You had 13 spell levels left.
You didn't know any spells.
Your spell library contained the following spells:

 Spells                   Type           Power      Damage    Failure   Level
 Apportation              Tloc           0%         N/A       100%        1
 Beastly Appendage        Tmut           0%         N/A       100%        1
 Foxfire                  Conj/Fire      0%         2x1d4     100%        1
 Magic Dart               Conj           0%         1d3       100%        1
 Necrotise                Necr           0%         1d4       100%        1
 Slow                     Hex            0%         N/A       100%        1
 Summon Small Mammal      Summ           0%         N/A       100%        1
 Ensorcelled Hibernation  Hex/Ice        0%         N/A       100%        2
 Searing Ray              Conj           0%         2d4       100%        2
 Wereblood                Tmut           0%         N/A       100%        2
 Confusing Touch          Hex            0%         N/A       100%        3
 Conjure Flame            Conj/Fire      0%         6-21      100%        3
 Inner Flame              Hex/Fire       0%         N/A       100%        3
 Spider Form              Tmut/Pois      0%         N/A       100%        3
 Vampiric Draining        Necr           0%         2d6       100%        3
 Anguish                  Hex/Necr       0%         N/A       100%        4
 Flame Wave               Conj/Fire      0%         2d4       100%        4
 Fulminant Prism          Conj/Hex       0%         3d6       100%        4
 Malign Gateway           Summ/Tloc      0%         N/A       100%        7
 Summon Horrible Things   Summ           0%         N/A       100%        8


Dungeon Overview and Level Annotations

Branches:
Dungeon (11/15)            Temple (1/1) D:6            Lair (5/5) D:11
  Swamp (0/4) Lair:2       Spider (0/4) Lair:3        Slime (0/5) Lair:4
    Orc: D:9-12

Altars:
Ashenzari
Cheibriados
Dithmenos
Elyvilon
Fedhas
Gozag
Hepliaklqana
Kikubaaqudgha
Makhleb
Nemelex Xobeh
Okawaru
Qazlal
Ru
Sif Muna
Trog
Uskayaw
Vehumet
Wu Jian
Xom
Yredelemnul
Zin
The Shining One
Jiyva

Shops:
D:2 (   D:6 (

Annotations:
D:9 1 transporter, tensugalgo's ghost, novice VSNe
D:11 1 runed translucent door, beardedkeet's ghost, novice HOFi


Message History

You feel agile all of a sudden.
You feel sick.
The apocalypse crab is engulfed in seething chaos.
You block the apocalypse crab's attack.
The apocalypse crab claws you but does no damage.
An iron imp comes into view.
You barely miss the Hell Sentinel.
The Hell Sentinel is lightly wounded.
You hit the apocalypse crab.
You are engulfed in seething chaos.
You feel yourself speed up.
The Hell Sentinel is engulfed in seething chaos.
The Hell Sentinel seems to grow stronger.
The Hell Sentinel hits you!! The Hell Sentinel barely misses you.
A smoke demon comes into view.
A wretched star comes into view.
The smoke demon roars!
You completely miss the Hell Sentinel.
The Hell Sentinel is lightly wounded.
You hit the apocalypse crab but do no damage.
Lightning courses through the apocalypse crab!!
You are engulfed in seething chaos.
You suddenly lose the ability to move!
You feel sick.
The apocalypse crab is engulfed in seething chaos.
The apocalypse crab bites you!
The apocalypse crab claws you but does no damage.
The Hell Sentinel is engulfed in seething chaos.
The Hell Sentinel hits you!!
* * * LOW HITPOINT WARNING * * *
The Hell Sentinel hits you but does no damage.
You are engulfed in seething chaos.
You feel sick. The smoke demon gestures at you. The ball of steam hits you!
* * * LOW HITPOINT WARNING * * *
The apocalypse crab is engulfed in seething chaos.
The apocalypse crab bites you but does no damage.
The apocalypse crab claws you but does no damage.
A small abomination comes into view.
The Hell Sentinel is engulfed in seething chaos.
The Hell Sentinel gestures at you. The iron shot hits you!!!
You die...

.. ..#
#.##... x. .
#. #. § .
#*##### #
#.##..# .
##X..# #
#§t#####..#
###@#. ..# #
# #§§1§#..#
# . .
#.§§§§#.# #
#.. #
####.#§§ #.
#.. . .
......#.# ##
.#......3.
#.....#.....
.#..
###...##
##.# .### .


You could see a Hell Sentinel (strong), a wretched star, an apocalypse crab
(strong, invisible), a large abomination and a small abomination.

Vanquished Creatures
  A rakshasa (Abyss:2)
  A boulder beetle (Lair:4)
  3 hydras
  2 two-headed ogres
  2 death yaks (Lair:4)
  Sonja (Lair:2)
  A sixfirhy (Abyss:2)
  A spatial maelstrom (Abyss:2)
  A bog body (Lair:2)
  A cyclops (D:11)
  A manticore (D:11)
  A moth of wrath (shapeshifter) (Abyss:2)
  4 black mambas
  An apocalypse crab (Abyss:2)
  30 elephants
  A gargoyle (D:9)
  4 torpor snails (Lair:4)
  18 cane toads
  An unseen horror (D:10)
  4 rime drakes
  11 komodo dragons
  A demonic crawler (Abyss:2)
  A meliai (Lair:2)
  3 polar bears
  A wind drake (Lair:2)
  2 trolls
  A hornet (D:8)
  6 dream sheep (Lair:4)
  7 blink frogs (Lair:5)
  2 culicivoras (Lair:3)
  A jumping spider (Lair:3)
  A shadow (D:11)
  2 wraiths (D:11)
  48 yaks
  A vampire (D:10)
  2 ynoxinuls
  6 small abominations
  A basilisk (D:11)
  5 wyverns
  A steam dragon (D:8)
  A fire bat (D:9)
  A golden eye (Abyss:2)
  A neqoxec (Abyss:2)
  2 redbacks (Lair:3)
  A large abomination (Abyss:2)
  An acid dragon (D:11)
  17 water moccasins
  2 hell hounds (Abyss:2)
  2 orc warriors
  4 black bears
  An ogre (D:5)
  A sky beast (D:7)
  2 centaurs
  24 wolves
  3 phantoms
  3 kobold brigands
  12 bullfrogs
  3 scorpions
  2 necrophages
  15 wights
  15 killer bees
  3 howler monkeys (D:10)
  A quasit (Abyss:2)
  2 jellies
  4 hounds
  5 orc priests
  Crazy Yiuf (D:7)
  4 iguanas
  Natasha (twice) (D:4)
  6 orc wizards
  12 adders
  7 gnolls
  2 white imps
  4 ufetubi
  A worm (D:5)
  4 dart slugs
  34 orcs
  A bat zombie (D:7)
  14 endoplasms
  3 giant cockroaches
  5 goblins
  5 hobgoblins
  6 jackals
  20 kobolds
  5 quokkas
  7 ball pythons
  7 bats
  4 frilled lizards
  4 rats
  3 rat zombies (D:7)
471 creatures vanquished.

Vanquished Creatures (others)
  An orc wizard (D:8)
  40 fungi
  47 plants
  4 toadstools (D:1)
92 creatures vanquished.

Grand Total: 563 creatures vanquished

Notes
Turn   | Place    | Note
-------+----------+-------------------------------------------
     0 | D:1      | LabCoat the Hill Orc Fighter began the quest for the Orb.
     0 | D:1      | Reached XP level 1. HP: 19/19 MP: 1/1
    48 | D:1      | Reached skill level 3 in Axes
   177 | D:1      | Reached XP level 2. HP: 17/27 MP: 2/2
   607 | D:1      | Reached XP level 3. HP: 33/33 MP: 3/3
  1169 | D:2      | Found Lyitsoyl's Antique Weapon Shoppe.
  1221 | D:2      | Reached skill level 4 in Axes
  1221 | D:2      | Reached XP level 4. HP: 24/40 MP: 4/4
  1339 | D:2      | Found a faded altar of an unknown god.
  1628 | D:3      | Found a blossoming altar of Fedhas.
  1698 | D:3      | Reached XP level 5. HP: 45/47 MP: 5/5
  1781 | D:3      | Found a white marble altar of Elyvilon.
  1847 | D:3      | Reached skill level 1 in Throwing
  1852 | D:3      | Found a shimmering altar of Xom.
  2073 | D:3      | Reached skill level 5 in Axes
  2680 | D:4      | Reached XP level 6. HP: 53/53 MP: 6/6
  3047 | D:4      | Noticed Natasha
  3050 | D:4      | Killed Natasha
  3051 | D:4      | Reached skill level 6 in Axes
  3260 | D:4      | Reached skill level 5 in Fighting
  3260 | D:4      | Reached XP level 7. HP: 59/61 MP: 7/7
  3338 | D:4      | Found a glowing golden altar of the Shining One.
  3612 | D:4      | Reached skill level 1 in Evocations
  3640 | D:4      | Noticed Natasha
  3643 | D:4      | Killed Natasha
  3702 | D:5      | Entered Level 5 of the Dungeon
  3723 | D:5      | Reached skill level 7 in Axes
  3723 | D:5      | Reached skill level 5 in Armour
  3723 | D:5      | Reached skill level 5 in Shields
  3991 | D:5      | Found a sparkling altar of Nemelex Xobeh.
  4021 | D:5      | Reached XP level 8. HP: 68/69 MP: 8/8
  4107 | D:5      | Found an opulent altar of Gozag.
  4113 | D:5      | Found a sacrificial altar of Ru.
  4231 | D:5      | Noticed Blork the orc
  4232 | D:5      | Noticed Blork
  4232 | D:5      | Blork the orc changed into Blork the jackal
  4236 | D:5      | Killed Blork the jackal
  4249 | D:5      | You fall into a shaft and drop 3 floors!
  4521 | D:6      | Reached skill level 8 in Axes
  4767 | D:6      | Found a staircase to the Ecumenical Temple.
  4782 | Temple   | Entered the Ecumenical Temple
  4782 | Temple   | Found a transporter.
  4782 | Temple   | Found a transporter.
  4784 | Temple   | Found a transporter.
  4784 | Temple   | Found a transporter.
  4887 | D:6      | Found Cibeusam's Antique Weapon Emporium.
  4911 | D:6      | Bought an ancient war axe for 238 gold pieces
  4911 | D:6      | Identified the +4 war axe of True Grit {vorpal, Int+4} (You
                  | bought it in a shop on level 6 of the Dungeon)
  5164 | D:2      | Prayed at the altar of an unknown god.
  5164 | D:2      | Became a worshipper of Trog the Wrathful
  5164 | D:2      | Reached * piety under Trog
  5764 | D:7      | Reached skill level 9 in Axes
  5764 | D:7      | Reached XP level 9. HP: 78/78 MP: 9/9
  5929 | D:7      | Found a runed translucent door.
  5930 | D:7      | Noticed Crazy Yiuf
  5936 | D:7      | Killed Crazy Yiuf
  6058 | D:7      | Noticed a hornet
  6061 | D:7      | a hornet changed into a wyvern
  6261 | D:7      | Found an ancient bone altar of Kikubaaqudgha.
  6355 | D:8      | Reached ** piety under Trog
  6367 | D:8      | Found a bloodstained altar of Trog.
  6573 | D:8      | Reached skill level 10 in Axes
  7106 | D:8      | Noticed a hornet
  7119 | D:8      | Killed a hornet
  7478 | D:8      | Reached XP level 10. HP: 86/86 MP: 10/10
  7782 | D:9      | Reached skill level 11 in Axes
  7786 | D:9      | Reached skill level 5 in Evocations
  8087 | D:9      | Noticed a two-headed ogre
  8087 | D:9      | Noticed tensugalgo's ghost (novice VSNe)
  8088 | D:9      | Noticed a two-headed ogre
  8090 | D:9      | Found a transporter.
  8090 | D:9      | Noticed a two-headed ogre
  8090 | D:9      | Noticed a two-headed ogre
  8092 | D:9      | Noticed a two-headed ogre
  8100 | D:9      | Noticed a two-headed ogre
  8111 | D:9      | Killed a two-headed ogre
  8112 | D:9      | Reached skill level 12 in Axes
  8188 | D:9      | Reached *** piety under Trog
  8260 | D:9      | Noticed a gargoyle
  8264 | D:9      | Killed a gargoyle
  8467 | D:9      | Reached XP level 11. HP: 95/95 MP: 11/11
  8690 | D:10     | Entered Level 10 of the Dungeon
  8998 | D:10     | Noticed a +0 hand axe
  8998 | D:10     | Noticed a +0 hand axe
  9027 | D:10     | Found a hide-covered altar of Uskayaw.
  9053 | D:10     | Reached skill level 13 in Axes
  9291 | D:10     | Noticed a two-headed ogre
  9301 | D:10     | Killed a two-headed ogre
  9545 | D:10     | Found an ornate altar of the Wu Jian Council.
  9644 | D:11     | Noticed a manticore
  9849 | D:11     | Killed a manticore
 10082 | D:11     | Reached skill level 14 in Axes
 10222 | D:11     | Found a staircase to the Lair.
 10302 | D:11     | Identified 2 scrolls of acquirement
 10302 | D:11     | Acquired a +1 broad axe of electrocution
 10312 | D:11     | Reached **** piety under Trog
 10319 | D:11     | Noticed a cyclops
 10331 | D:11     | Killed a cyclops
 10869 | D:11     | Found a runed translucent door.
 10869 | D:11     | Noticed beardedkeet's ghost (novice HOFi)
 11351 | Lair:1   | Entered Level 1 of the Lair of Beasts
 11382 | Lair:1   | Reached XP level 12. HP: 87/106 MP: 12/12
 11576 | Lair:1   | Reached skill level 10 in Fighting
 11576 | Lair:1   | Identified the +0 leather armour "Curemelu" {SInv}
 12021 | Lair:1   | Reached skill level 15 in Axes
 12618 | Lair:2   | Noticed Sonja
 12626 | Lair:2   | Killed Sonja
 12921 | Lair:2   | Found a staircase to the Swamp.
 13007 | Lair:2   | Reached skill level 10 in Armour
 13190 | Lair:2   | Reached skill level 10 in Shields
 13682 | Lair:2   | Reached skill level 16 in Axes
 14204 | Lair:3   | Reached XP level 13. HP: 106/116 MP: 13/13
 14290 | Lair:3   | Reached ***** piety under Trog
 14760 | Lair:3   | Found a hole to the Spider Nest.
 15249 | Lair:3   | Reached skill level 17 in Axes
 15297 | Lair:3   | Received a gift from Trog
 15588 | Lair:3   | You fall into a shaft and drop 1 floor!
 15933 | Lair:4   | Found a snail-covered altar of Cheibriados.
 16791 | Lair:4   | Reached XP level 14. HP: 117/126 MP: 14/14
 16824 | Lair:4   | Reached skill level 18 in Axes
 17192 | Lair:4   | Reached skill level 5 in Throwing
 17345 | Lair:4   | Received a gift from Trog
 17677 | Lair:4   | Found a staircase to the Slime Pits.
 17677 | Lair:4   | Found a viscous altar of Jiyva.
 17854 | Lair:5   | Entered Level 5 of the Lair of Beasts
 18281 | Lair:5   | Acquired 1235 gold pieces
 18299 | Lair:5   | Identified the +1 pair of boots "Taehilar" {Will+ Regen+
                  | Int-3 SInv}
 18689 | Abyss:2  | Cast into level 2 of the Abyss (spriggan)
 18873 | Abyss:2  | Reached skill level 19 in Axes
 19009 | Abyss:2  | Noticed a Hell Sentinel
 19018 | Abyss:2  | Paralysed by you for 5 turns
 19019 | Abyss:2  | HP: 9/190 [something/ball of steam (15)]
 19019 | Abyss:2  | Killed from afar by a Hell Sentinel

Illustrated notes

Levels and vault maps discovered:
D:1:      ldierk_walled_garden_2, layout_rooms
D:2:      layout_rooms, serial_shops, nicolae_shop_overgrown_old_shop,
          ebering_ecumenical_altar_mist
D:3:      layout_basic, nicolae_overflow_crystal_walls,
          mainiacjoe_overflow_concentric_impassable, lemuel_doored_altar
D:4:      minmay_diamond_boxcup, layout_basic, tso_altar, uniq_natasha
D:5:      layout_rooms, nemelex_xobeh_ov_fountains_minmay,
          nicolae_overflow_squiral, uniq_blork_the_orc
D:6:      layout_basic, minmay_temple_entry_offerings, serial_shops, shop
D:7:      layout_rooms, lemuel_zombie_altar_kikubaaqudgha,
          minmay_misc_feat_ornament, uniq_crazy_yiuf_cottage
D:8:      layout_basic, trog_book
D:9:      layout_loops_ring, gammafunk_ghost_smash
D:10:     layout_rooms, nicolae_wu_jian_wuxing_cycle, dancing_weapons_uskayaw
D:11:     layout_stronghold, minmay_lair_entry_grove, ebering_ghost_inner_flame
Temple:   hellmonk_temple_divided_pantheon
Lair:1:   layout_loops_ring, serial_rivers, chequers_serial_rivers_large_b,
          chequers_serial_rivers_micro_a, chequers_serial_rivers_marsh,
          chequers_serial_rivers_micro_a, chequers_serial_rivers_micro_c
Lair:2:   layout_cave_pods, skrybe_swamp_entry_bodies, grunt_megastairs_3,
          uniq_sonja
Lair:3:   layout_cave_pods, spider_nest_entry_funnel_web
Lair:4:   nzn_winding_woodlands_cross [nzn_winding_woodlands_5x15_longhouse,
          nzn_winding_woodlands_5x15_jagged,
          nzn_winding_woodlands_5x15_sawtooth,
          nzn_winding_woodlands_5x15_crooked,
          nzn_winding_woodlands_15x15_five_gardens], layout_loops_ring,
          slime_entry_1, kennysheep_snail_temple
Lair:5:   hellmonk_lair_end_abyssal_woods, layout_loops_ring, grunt_megastairs_5
Abyss:2:  base: D:2, base: D:2, base:
D:2

Skill      XL: |  1  2  3  4  5  6  7  8  9 10 11 12 13 14 |
---------------+-------------------------------------------+-----
Axes           | 3 4 5 6 7 9 10 12 14 16 17 19 | 19.1
Fighting       | 4 5 6 7 8 9 11 12 | 12.9
Throwing       | 1 2 4 5 |  5.9
Armour         | 4 5 6 7 8 9 10 11 12 | 12.1
Shields        | 4 5 6 7 8 9 10 11 12 | 12.0
Evocations     | 2 3 4 5 7 8 |  8.0

Action                   |  1- 3 |  4- 6 |  7- 9 | 10-12 | 13-15 || total
-------------------------+-------+-------+-------+-------+-------++-------
Melee: War axe           |   106 |   130 |   219 |   422 |   344 ||  1221
       Broad axe         |       |       |       |       |   203 ||   203
       Morningstar       |       |       |       |       |    26 ||    26
       Flail             |       |       |       |       |     7 ||     7
Throw: Dart              |    15 |    19 |     1 |     6 |    24 ||    65
       Javelin           |       |    22 |    41 |    22 |     5 ||    90
       Boomerang         |       |       |       |    16 |    26 ||    42
Invok: Berserk           |       |       |     1 |     3 |     5 ||     9
Evoke: Wand              |       |       |    13 |    42 |     3 ||    58
  Use: Scroll            |     6 |     4 |     5 |     8 |    12 ||    35
       Potion            |     1 |       |     2 |     3 |    10 ||    16
 Stab: Paralysed         |       |       |     8 |     6 |       ||    14
       Invisible         |       |       |       |       |     5 ||     5
       Distracted        |       |       |       |       |     1 ||     1
Armor: Scale mail        |    13 |       |       |       |       ||    13
       Chain mail        |    32 |    66 |    85 |    53 |       ||   236
       Plate armour      |       |       |       |   131 |   326 ||   457
Dodge: Dodged            |    25 |    27 |    35 |    58 |   101 ||   246
Block: Buckler           |    47 |     6 |       |       |       ||    53
       Kite shield       |       |    83 |   194 |   336 |   522 ||  1135
       Reflection        |       |     3 |     6 |     9 |     2 ||    20
